3L
ECHO PARK LAKERS @ SEATTLE ROCKETEERS
08/10/2041
 
TOP OF THE 1ST
Echo Park Lakers batting - Pitching for Seattle Rocketeers : RHP Eugenio Piñeiro
Pitching: RHP Eugenio Piñeiro
Batting: LHB Ramón Torres 0-0: Called Strike
0-1: Ground out U3 (Groundball, 3, EV 100.0 MPH)
Batting: LHB Joe Schreibvogel 0-0: Ground out 4-3 (Groundball, 4, EV 100.6 MPH)
Batting: LHB Philip Todd 0-0: Foul Ball, location: 2F
0-1: Ball
1-1: Ground out U3 (Groundball, 34, EV 79.4 MPH)
Top of the 1st over - 0 runs, 0 hits, 0 errors, 0 left on base; Echo Park 0 - Seattle 0
BOTTOM OF THE 1ST
Seattle Rocketeers batting - Pitching for Echo Park Lakers : RHP Gabriel Alvarado
Pitching: RHP Gabriel Alvarado
Batting: SHB Lodd Felton 0-0: Ground out U3 (Groundball, 34, EV 89.4 MPH)
Batting: RHB Jurgen Flurgenburgen 0-0: Foul Ball, location: 2F
0-1: Ball
1-1: Called Strike
1-2: Ball
2-2: Foul Ball, location: 2F
2-2: Reached on error, E1 (Groundball, 15, EV 71.9 MPH)
Batting: RHB Mathew Mayo 0-0: Ball
Jurgen Flurgenburgen steals 3rd base
1-0: Fly out, F9 (Flyball, 9S, EV 88.1 MPH)
Batting: RHB Alain Grosjean 0-0: Ball
1-0: Called Strike
1-1: SINGLE (Line Drive, 6MD, EV 106.9 MPH)
Jurgen Flurgenburgen scores
Batting: LHB Manoo Satyavrat 0-0: Ball
1-0: Called Strike
1-1: Ball
2-1: Ball
3-1: Called Strike
3-2: Strikes out swinging
Bottom of the 1st over - 1 run, 1 hit, 1 error, 1 left on base; Echo Park 0 - Seattle 1
TOP OF THE 2ND
Echo Park Lakers batting - Pitching for Seattle Rocketeers : RHP Eugenio Piñeiro
Batting: RHB Komotay Koffie 0-0: Swinging Strike
0-1: Swinging Strike
0-2: Foul Ball, location: 2F
0-2: Ground out 1-3 (Groundball, P, EV 87.5 MPH)
Batting: LHB José Vera 0-0: Ball
1-0: Reached via error on a dropped throw from 1B, E1 (Groundball, 34, EV 88.8 MPH)
Batting: RHB Phil Gillespie 0-0: Ball
1-0: Ball
2-0: Ball
3-0: Called Strike
3-1: Grounds into double play, 6-4-3 (Groundball, 6, EV 87.5 MPH)
Top of the 2nd over - 0 runs, 0 hits, 1 error, 0 left on base; Echo Park 0 - Seattle 1
BOTTOM OF THE 2ND
Seattle Rocketeers batting - Pitching for Echo Park Lakers : RHP Gabriel Alvarado
Batting: RHB Jur Prokop 0-0: SINGLE (Groundball, 6MS, EV 83.1 MPH) (infield hit)
Batting: SHB Charles Geudre 0-0: Ball
1-0: Ball
Jur Prokop steals 2nd base
2-0: Called Strike
2-1: Foul Ball, location: 2F
2-2: Fly out, F6 (Popup, 15, EV 83.8 MPH)
Batting: RHB Axel Ruschmeyer 0-0: Ball
1-0: Called Strike
1-1: Ground out 5-3 (Groundball, 5, EV 81.9 MPH)
Batting: LHB Carlos Gabriel 0-0: SINGLE (Groundball, 4MD, EV 95.6 MPH)
Jur Prokop to third
Runner from 3rd tries for Home, throw by CF and OUT! 8-2
Bottom of the 2nd over - 0 runs, 2 hits, 0 errors, 1 left on base; Echo Park 0 - Seattle 1
TOP OF THE 3RD
Echo Park Lakers batting - Pitching for Seattle Rocketeers : RHP Eugenio Piñeiro
Batting: LHB Ben Bullock 0-0: Ball
1-0: Foul Ball, location: 2F
1-1: Ball
2-1: Ball
3-1: Ground out U3 (Groundball, 3S, EV 61.2 MPH)
Batting: RHB Ger Jobse 0-0: Called Strike
0-1: Ball
1-1: Swinging Strike
1-2: Foul Ball, location: 2F
1-2: Ball
2-2: Strikes out swinging
Batting: LHB Abraham Koen 0-0: Ground out 3-1 (Groundball, 34, EV 80.6 MPH)
Top of the 3rd over - 0 runs, 0 hits, 0 errors, 0 left on base; Echo Park 0 - Seattle 1
BOTTOM OF THE 3RD
Seattle Rocketeers batting - Pitching for Echo Park Lakers : RHP Gabriel Alvarado
Batting: SHB Lodd Felton 0-0: Ball
1-0: Ball
2-0: Called Strike
2-1: Ball
3-1: Called Strike
3-2: Foul Ball, location: 2F
3-2: Base on Balls
Batting: RHB Jurgen Flurgenburgen 0-0: Ball
1-0: Ball
2-0: Ball
3-0: Base on Balls
Lodd Felton to second
Batting: RHB Mathew Mayo 0-0: Swinging Strike
0-1: Foul Ball, location: 2F
0-2: Strikes out swinging
Batting: RHB Alain Grosjean 0-0: SINGLE (Line Drive, 3D, EV 98.1 MPH)
Lodd Felton to third
Jurgen Flurgenburgen to second
Runner from 3rd tries for Home, SAFE, no throw by RF
Batting: LHB Manoo Satyavrat 0-0: Ball
1-0: Fly out, F7 (Flyball, 8LS, EV 70.6 MPH)
Batting: RHB Jur Prokop 0-0: Called Strike
0-1: Ball
1-1: Ball
2-1: 3-RUN HOME RUN (Flyball, 7LD, EV 113.1 MPH), Distance : 333 ft
Batting: SHB Charles Geudre 0-0: Ball
1-0: Foul Ball, location: 2F
1-1: Called Strike
1-2: Ground out 6-3 (Groundball, 6, EV 88.8 MPH)
Bottom of the 3rd over - 4 runs, 2 hits, 0 errors, 0 left on base; Echo Park 0 - Seattle 5
TOP OF THE 4TH
Echo Park Lakers batting - Pitching for Seattle Rocketeers : RHP Eugenio Piñeiro
Batting: LHB Ramón Torres 0-0: Ball
1-0: Fly out, F7 (Flyball, 7S, EV 85.0 MPH)
Batting: LHB Joe Schreibvogel 0-0: Called Strike
0-1: Ball
1-1: Ball
2-1: Fly out, F9 (Flyball, 9, EV 98.1 MPH)
Batting: LHB Philip Todd 0-0: Ground out 1-3 (Groundball, 13S, EV 61.2 MPH)
Top of the 4th over - 0 runs, 0 hits, 0 errors, 0 left on base; Echo Park 0 - Seattle 5
BOTTOM OF THE 4TH
Seattle Rocketeers batting - Pitching for Echo Park Lakers : RHP Gabriel Alvarado
Pitching: RHP Ken Peterson
Batting: RHB Axel Ruschmeyer 0-0: Called Strike
0-1: Ball
1-1: Foul Ball, location: 2F
1-2: SINGLE (Groundball, 4MD, EV 105.0 MPH)
Batting: LHB Carlos Gabriel 0-0: Foul Ball, location: 2F
0-1: Grounds into double play, 4-6-3 (Groundball, 4, EV 81.9 MPH)
Batting: SHB Lodd Felton 0-0: Called Strike
0-1: Foul Ball, location: 2F
0-2: Ball
1-2: Ball
2-2: Ball
3-2: Ground out 4-3 (Groundball, 4S, EV 64.4 MPH)
Bottom of the 4th over - 0 runs, 1 hit, 0 errors, 0 left on base; Echo Park 0 - Seattle 5
TOP OF THE 5TH
Echo Park Lakers batting - Pitching for Seattle Rocketeers : RHP Eugenio Piñeiro
Batting: RHB Komotay Koffie 0-0: Foul Ball, location: 2F
0-1: Ball
1-1: Ball
2-1: Swinging Strike
2-2: Fly out, F4 (Popup, 4MD, EV 46.9 MPH)
Batting: LHB José Vera 0-0: Ground out 4-3 (Groundball, 4, EV 84.4 MPH)
Batting: RHB Phil Gillespie 0-0: Fly out, F5 (Line Drive, 5, EV 63.1 MPH)
Top of the 5th over - 0 runs, 0 hits, 0 errors, 0 left on base; Echo Park 0 - Seattle 5
BOTTOM OF THE 5TH
Seattle Rocketeers batting - Pitching for Echo Park Lakers : RHP Ken Peterson
Batting: RHB Jurgen Flurgenburgen 0-0: Ball
1-0: Ground out 6-3 (Groundball, 6S, EV 90.0 MPH)
Batting: RHB Mathew Mayo 0-0: Called Strike
0-1: SOLO HOME RUN (Line Drive, 9D, EV 109.4 MPH), Distance : 353 ft
Batting: RHB Alain Grosjean 0-0: Called Strike
0-1: Called Strike
0-2: Ball
1-2: Ball
2-2: Strikes out swinging
Batting: LHB Manoo Satyavrat 0-0: Fly out, F7 (Flyball, 7LM, EV 91.9 MPH)
Bottom of the 5th over - 1 run, 1 hit, 0 errors, 0 left on base; Echo Park 0 - Seattle 6
TOP OF THE 6TH
Echo Park Lakers batting - Pitching for Seattle Rocketeers : RHP Eugenio Piñeiro
Batting: LHB Ben Bullock 0-0: Ground out 4-3 (Groundball, 4, EV 91.2 MPH)
Batting: RHB Ger Jobse 0-0: Ball
1-0: Ground out 6-3 (Groundball, 6S, EV 81.9 MPH)
Batting: LHB Abraham Koen 0-0: Called Strike
0-1: Ball
1-1: Ball
2-1: DOUBLE (Line Drive, 7LD, EV 101.9 MPH)
Batting: LHB Ramón Torres 0-0: Swinging Strike
0-1: Called Strike
0-2: Foul Ball, location: 2F
0-2: Ball
1-2: SINGLE (Line Drive, 56, EV 103.1 MPH)
Abraham Koen to third
Batting: LHB Joe Schreibvogel 0-0: Called Strike
0-1: Foul Ball, location: 2F
0-2: Ball
1-2: SINGLE (Groundball, 56D, EV 101.2 MPH)
Abraham Koen scores
Ramón Torres to second
Batting: LHB Philip Todd 0-0: Ground out 4-3 (Groundball, 4, EV 110.0 MPH)
Top of the 6th over - 1 run, 3 hits, 0 errors, 2 left on base; Echo Park 1 - Seattle 6
BOTTOM OF THE 6TH
Seattle Rocketeers batting - Pitching for Echo Park Lakers : RHP Ken Peterson
Batting: RHB Jur Prokop 0-0: Ball
1-0: Ball
2-0: Foul Ball, location: 2F
2-1: Foul Ball, location: 2F
2-2: Fly out, F8 (Flyball, 89M, EV 90.6 MPH)
Batting: SHB Charles Geudre 0-0: Called Strike
0-1: Ball
1-1: Ground out 2-3 (Groundball, 15S, EV 61.2 MPH)
Batting: RHB Axel Ruschmeyer 0-0: Called Strike
0-1: SOLO HOME RUN (Flyball, 78XD, EV 100.6 MPH), Distance : 378 ft
Batting: LHB Carlos Gabriel 0-0: Ball
1-0: SINGLE (Line Drive, 9S, EV 108.1 MPH)
Batting: SHB Lodd Felton 0-0: Called Strike
0-1: Ball
1-1: Foul Ball, location: 2F
1-2: Ball
2-2: Ground out 4-3 (Groundball, 4, EV 81.9 MPH)
Bottom of the 6th over - 1 run, 2 hits, 0 errors, 1 left on base; Echo Park 1 - Seattle 7
TOP OF THE 7TH
Echo Park Lakers batting - Pitching for Seattle Rocketeers : RHP Eugenio Piñeiro
Batting: RHB Komotay Koffie 0-0: Foul Ball, location: 2F
0-1: Fly out, F8 (Flyball, 89D, EV 104.4 MPH)
Batting: LHB José Vera 0-0: Ball
1-0: Called Strike
1-1: Ball
2-1: Ball
3-1: Ground out 4-3 (Groundball, 4, EV 88.1 MPH)
Batting: RHB Phil Gillespie 0-0: Foul Ball, location: 2F
0-1: Ground out 6-3 (Groundball, 6, EV 87.5 MPH)
Top of the 7th over - 0 runs, 0 hits, 0 errors, 0 left on base; Echo Park 1 - Seattle 7
BOTTOM OF THE 7TH
Seattle Rocketeers batting - Pitching for Echo Park Lakers : RHP Ken Peterson
Pitching: LHP Felipe Filipe
Batting: RHB Jurgen Flurgenburgen 0-0: Reached on error, E7 (Line Drive, 7, EV 90.6 MPH)
Batting: RHB Mathew Mayo 0-0: Ball
1-0: Called Strike
1-1: Foul Ball, location: 2F
1-2: Foul Ball, location: 2F
1-2: Fly out, F8 (Line Drive, 8LD, EV 89.4 MPH)
Batting: RHB Alain Grosjean 0-0: Ball
1-0: SINGLE (Flyball, 78S, EV 85.6 MPH)
Jurgen Flurgenburgen to second
Batting: LHB Manoo Satyavrat 0-0: Ball
1-0: Foul Ball, location: 2F
1-1: Ball
2-1: Called Strike
2-2: Fly out, F8 (Flyball, 8LD, EV 100.0 MPH)
Runner from 2nd tags up, SAFE at 3rd with throw by CF
Batting: RHB Jur Prokop 0-0: Fielders Choice at 2nd, 6-4 (Groundball, 6, EV 105.6 MPH)
Bottom of the 7th over - 0 runs, 1 hit, 1 error, 2 left on base; Echo Park 1 - Seattle 7
TOP OF THE 8TH
Echo Park Lakers batting - Pitching for Seattle Rocketeers : RHP Eugenio Piñeiro
Batting: LHB Ben Bullock 0-0: Ground out 1-3 (Groundball, 23, EV 78.1 MPH)
Batting: RHB Ger Jobse 0-0: Ball
1-0: Called Strike
1-1: Ball
2-1: Foul Ball, location: 2F
2-2: Strikes out looking
Batting: LHB Abraham Koen 0-0: Ball
1-0: Ball
2-0: Ground out 1-3 (Groundball, 13, EV 87.5 MPH)
Top of the 8th over - 0 runs, 0 hits, 0 errors, 0 left on base; Echo Park 1 - Seattle 7
BOTTOM OF THE 8TH
Seattle Rocketeers batting - Pitching for Echo Park Lakers : LHP Felipe Filipe
Batting: SHB Charles Geudre 0-0: Fly out, F4 (Popup, 4M, EV 61.2 MPH)
Pitching: RHP Shawn Coleman
Batting: RHB Axel Ruschmeyer 0-0: Swinging Strike
0-1: Swinging Strike
0-2: Ball
1-2: Strikes out swinging
Batting: LHB Carlos Gabriel 0-0: Foul Ball, location: 2F
0-1: Called Strike
0-2: Strikes out swinging
Bottom of the 8th over - 0 runs, 0 hits, 0 errors, 0 left on base; Echo Park 1 - Seattle 7
TOP OF THE 9TH
Echo Park Lakers batting - Pitching for Seattle Rocketeers : RHP Eugenio Piñeiro
Batting: LHB Ramón Torres 0-0: Foul Ball, location: 2F
0-1: SINGLE (Groundball, 56D, EV 108.1 MPH)
Batting: LHB Joe Schreibvogel 0-0: Ball
1-0: Foul Ball, location: 2F
1-1: Ball
2-1: Ball
3-1: Base on Balls
Ramón Torres to second
Batting: LHB Philip Todd 0-0: Called Strike
0-1: Reached on error, E4 (Groundball, 34, EV 103.1 MPH)
Ramón Torres to third
Joe Schreibvogel to second
Batting: RHB Komotay Koffie 0-0: Ball
1-0: Called Strike
1-1: Swinging Strike
1-2: Ball
2-2: Strikes out looking
Batting: LHB José Vera 0-0: Called Strike
0-1: Foul Ball, location: 2F
0-2: Ball
1-2: Strikes out swinging
Pitching: LHP Kenny Luker
Batting: RHB Phil Gillespie 0-0: Foul Ball, location: 2F
0-1: Foul Ball, location: 2F
0-2: Ball
1-2: Ball
2-2: Ball
3-2: Base on Balls
Ramón Torres scores
Joe Schreibvogel to third
Philip Todd to second
Pitching: LHP Dale Hamilton
Batting: LHB Ben Bullock 0-0: Ball
1-0: Ball
2-0: Ball
3-0: Called Strike
3-1: Foul Ball, location: 2F
3-2: Ground out 5-3 (Groundball, 5L, EV 86.2 MPH)
Top of the 9th over - 1 run, 1 hit, 1 error, 3 left on base; Echo Park 2 - Seattle 7
Tuesday, January 5th, 2021 - OOTP Baseball 20.8 Build 74